 Dungeon Crawl Stone Soup version 0.31-a0-1522-g43313d8a59 (webtiles) character file.

Game seed: 18421825682459680820

9799 lcaldwell the Carver (level 11, -5/97 HPs)
             Began as a Minotaur Fighter on Dec 30, 2023.
             Was a Priest of Zin.
             Slain by an orc warrior
             ... wielding a +1 glaive of venom
              (10 damage)
             ... on level 1 of the Orcish Mines.
             The game lasted 00:55:38 (9641 turns).

lcaldwell the Carver (Minotaur Fighter)             Turns: 9641, Time: 00:55:39

Health: -5/97      AC: 19    Str: 31    XL:     11   Next: 27%
Magic:  10/10      EV: 14    Int:  5    God:    Zin [***...]
Gold:   221        SH:  7    Dex: 19    Spells: 10/10 levels left

rFire   . . .        g - +9 falchion (flame)
rCold   . . .        c - +0 buckler
rNeg    + . .        t - +4 ring mail "Kihebb" {rN+ Str+3}
rPois   .            r - +0 hat
rElec   .            D - +2 cloak {rCorr}
rCorr   +            j - +2 pair of gloves
SInv    .            l - +0 pair of boots
Will    .....        y - amulet of regeneration
Stlth   ++           d - +6 ring of dexterity
HPRegen 1.16/turn    m - +6 ring of strength
MPRegen 0.12/turn

%: no passive effects
@: lethally poisoned (-5 -> -17)
A: horns 2, retaliatory headbutt
a: Renounce Religion, Recite, Vitalisation, Imprison, Donate Gold


You were on level 1 of the Orcish Mines.
You worshipped Zin.
Zin was most pleased with you.
You visited 2 branches of the dungeon, and saw 10 of its levels.

You collected 525 gold pieces.
You spent 252 gold pieces at shops.
You donated 52 gold pieces to Zin.

Inventory:

Hand Weapons
 a - a +1 long sword
 g - a +9 falchion of flaming (weapon)
Missiles
 B - 2 throwing nets
Armour
 b - a +1 scale mail
 c - a +0 buckler (worn)
 j - a +2 pair of gloves (worn)
 l - a +0 pair of boots (worn)
 r - a +0 hat (worn)
 t - the +4 ring mail "Kihebb" (worn) {rN+ Str+3}
   (You bought it in a shop on level 7 of the Dungeon)

   Str+3:     It affects your strength (+3).
   rN+:       It protects you from negative energy.
 A - +0 pearl dragon scales
 D - a +2 cloak of preservation (worn)
 G - the +3 hat of Pondering {ponderous, Will+ MP+10 Int+5}
   (You took it off Gastronok on level 9 of the Dungeon)

   Int+5:     It affects your intelligence (+5).
   Will+:     It increases your willpower.
   MP+10:     It affects your magic capacity (+10).
Jewellery
 d - a +6 ring of dexterity (left hand)
 h - a ring of magical power
 m - a +6 ring of strength (right hand)
 v - an amulet of faith
 y - an amulet of regeneration (around neck)
 z - a +6 ring of intelligence
Talismans
 w - a blade talisman
Wands
 n - a wand of flame (15)
 x - a wand of paralysis (15)
 C - a wand of roots (3)
Scrolls
 f - 8 scrolls of teleportation
 i - 2 scrolls of noise
 k - 2 scrolls of fear
 o - a scroll of poison
 p - a scroll of torment
 s - a scroll of amnesia
 u - a scroll of enchant weapon
 F - a scroll of revelation {unknown}
Potions
 e - 2 potions of lignification
 q - 3 potions of heal wounds
 E - a potion of cancellation {unknown}


   Skills:
 + Level 9.3 Fighting
 + Level 13.6 Long Blades
 + Level 9.7 Armour
 + Level 5.8 Dodging
 + Level 3.2 Stealth
 + Level 8.2 Shields


You had 10 spell levels left.
You didn't know any spells.
Your spell library contained the following spells:

 Spells                   Type           Power      Damage    Failure   Level
 Freeze                   Ice            0%         1d3       63%         1
 Shock                    Conj/Air       0%         1d3       63%         1
 Frozen Ramparts          Ice            0%         1d1       94%         3
 Hailstorm                Conj/Ice       0%         3d5       94%         3
 Summon Ice Beast         Ice/Summ       0%         N/A       94%         3
 Swiftness                Air            0%         N/A       94%         3
 Airstrike                Air            0%         2d(0-16)  100%        4
 Summon Mana Viper        Hex/Summ       0%         N/A       100%        5
 Monstrous Menagerie      Summ           0%         N/A       100%        7


Dungeon Overview and Level Annotations

Branches:
Dungeon (9/15)             Temple (0/1) D:7             Orc (1/2) D:9
   Lair: D:8-11

Altars:
Ashenzari
Fedhas
Gozag
Hepliaklqana
Okawaru
Qazlal
Sif Muna
Wu Jian
Zin

Shops:
D:7 !([


Innate Abilities, Weirdness & Mutations

You have a pair of horns on your head.
You reflexively headbutt those who attack you in melee.


Message History

You slash the warg! You burn the warg. Your headbutt misses the warg.
The warg is heavily wounded.
The warg misses you. You furiously retaliate!
You headbutt the warg!
The orc priest invokes the aid of Beogh against you.
Beogh smites you!
The orc warrior hits you from afar with a +1 glaive of venom.
You are poisoned.
An orc warrior comes into view. It is wielding a +0 short sword.
You closely miss the warg.
The warg is almost dead.
You feel sick. The warg bites you.
The kobold blastminer shoots an arrow.
The arrow barely misses you.
You hear a shout!
You barely miss the warg.
The warg is almost dead.
You feel sick. The warg bites you but does no damage.
The orc warrior hits you but does no damage.
You are more poisoned.
An orc high priest comes into view. It is wielding a +0 battleaxe.
You hit the warg but do no damage.
The warg is almost dead.
You feel very sick. The warg bites you.
The kobold blastminer shoots a bolt.
You block the bolt. The orc warrior misses you.
The orc wizard hits you but does no damage.
You feel very sick. You block the warg's attack.
The kobold blastminer blasts its cannon at you.
The iron shot hits you!!
* * * LOW HITPOINT WARNING * * *
The warg misses you.
The orc high priest prays to Beogh.
The orc warrior hits you from afar with a +1 glaive of venom!
* * * LOW HITPOINT WARNING * * *
You are more poisoned.
You hear a shout!
Zin protects you from harm! The warg misses you.
The orc warrior hits you from afar with a +1 glaive of venom!
You die...

.. #............
...##........o...
.........>.....#.
................#
...........O.....
.................
#.....#..#.......
#..o........
......#@h....#$..
......oo.o.......
...#.............
.....K#o........^
.......oo..#.#...
.................
...#......##.....
#.......... #..#


You could see an orc high priest, a kobold blastminer, a warg, 2 orc warriors,
an orc priest, 2 orc wizards and 2 orcs.

Vanquished Creatures
  Gastronok (D:9)
  Harold (D:9)
  Erica (D:9)
  A two-headed ogre (D:9)
  Pikel (D:4)
  The ghost of SoakedWettersCrisps the Poker, a novice MfGl of Hepliaklqana (D:8)
  A kobold blastminer (Orc:1)
  Prince Ribbit (D:8)
  A wraith (D:9)
  Sigmund (D:2)
  6 yaks (D:9)
  Eustachio (D:4)
  2 wyverns (D:8)
  A warg (D:8)
  A steam dragon (D:9)
  Edmund (D:4)
  An acid dragon (D:8)
  A water moccasin (D:7)
  An ice beast (D:5)
  A sky beast (D:8)
  2 orc warriors
  3 ogres
  3 centaurs
  3 phantoms
  5 bullfrogs
  2 gnoll sergeants
  4 scorpions
  4 wights
  4 killer bees (D:9)
  2 bombardier beetles (D:3)
  2 howler monkeys
  4 centaur zombies
  3 bullfrog zombies (D:5)
  2 hounds
  4 orc priests
  2 jellies
  A bullfrog skeleton (D:5)
  4 iguanas
  A scorpion zombie (D:5)
  8 orc wizards
  2 killer bee zombies (D:8)
  An ogre zombie (D:8)
  A hound zombie (D:5)
  A mummy (D:8)
  Robin (D:4)
  11 gnolls
  A howler monkey skeleton (D:5)
  7 adders
  2 ufetubi (D:6)
  An adder zombie (D:5)
  2 dart slugs
  2 ribbon worms
  35 orcs
  6 bats
  7 endoplasms
  4 giant cockroaches
  16 goblins
  10 hobgoblins
  2 jackals (D:3)
  4 quokkas
  7 ball pythons
  4 frilled lizards (D:1)
  8 kobolds
  3 rats
227 creatures vanquished.

Notes
Turn   | Place    | Note
-------+----------+-------------------------------------------
     0 | D:1      | lcaldwell the Minotaur Fighter began the quest for the Orb.
     0 | D:1      | Reached XP level 1. HP: 19/19 MP: 0/0
    80 | D:1      | Reached XP level 2. HP: 27/27 MP: 1/1
   583 | D:1      | Reached skill level 3 in Long Blades
   598 | D:1      | Reached XP level 3. HP: 28/33 MP: 2/2
   881 | D:1      | Found a faded altar of an unknown god.
  1400 | D:2      | Noticed Sigmund
  1417 | D:2      | Killed Sigmund
  1418 | D:2      | Reached skill level 4 in Long Blades
  1418 | D:2      | Reached skill level 5 in Armour
  1418 | D:2      | Reached XP level 4. HP: 26/41 MP: 3/3
  1418 | D:2      | Reached XP level 5. HP: 30/47 MP: 4/4
  2603 | D:3      | Reached skill level 5 in Long Blades
  2603 | D:3      | Reached skill level 1 in Dodging
  2618 | D:3      | Reached XP level 6. HP: 53/53 MP: 5/5
  3293 | D:4      | Noticed Edmund
  3297 | D:4      | Killed Edmund
  3387 | D:4      | Noticed Pikel
  3410 | D:4      | Killed Pikel
  3411 | D:4      | Reached skill level 5 in Fighting
  3411 | D:4      | Reached skill level 7 in Long Blades
  3411 | D:4      | Reached skill level 5 in Shields
  3411 | D:4      | Reached XP level 7. HP: 51/61 MP: 6/6
  3436 | D:4      | Noticed Eustachio
  3486 | D:4      | Killed Eustachio
  3487 | D:4      | Reached XP level 8. HP: 63/68 MP: 7/7
  3592 | D:4      | Reached skill level 8 in Long Blades
  3875 | D:4      | Noticed Robin
  3878 | D:4      | Killed Robin
  4492 | D:5      | Entered Level 5 of the Dungeon
  4586 | D:5      | Reached skill level 9 in Long Blades
  4957 | D:5      | Found a blossoming altar of Fedhas.
  5141 | D:5      | Reached XP level 9. HP: 74/75 MP: 8/8
  5605 | D:6      | Reached skill level 10 in Long Blades
  5678 | D:6      | Found a glowing silver altar of Zin.
  5694 | D:6      | Became a worshipper of Zin the Law-Giver
  5694 | D:6      | Reached * piety under Zin
  5839 | D:6      | Reached skill level 1 in Stealth
  5967 | D:6      | Reached ** piety under Zin
  6047 | D:6      | Found a shimmering blue altar of Sif Muna.
  6225 | D:6      | Identified the +2 flail "Qofazylona" {antimagic, rC+ Str+4}
  6422 | D:7      | Found a staircase to the Ecumenical Temple.
  6482 | D:7      | Found Wewnuija's Antique Armour Shop.
  6495 | D:7      | Bought a dazzling ring mail for 252 gold pieces
  6495 | D:7      | Identified the +4 ring mail "Kihebb" {rN+ Str+3} (You
                  | bought it in a shop on level 7 of the Dungeon)
  6546 | D:7      | Found Ritiom's Antique Weapon Shop.
  7248 | D:7      | Found Woun's Distillery.
  7422 | D:8      | Found a runed translucent gate.
  7422 | D:8      | Found a runed translucent gate.
  7422 | D:8      | Found a runed translucent gate.
  7424 | D:8      | Noticed SoakedWettersCrisps's ghost (novice MfGl)
  7477 | D:8      | Found a hazy altar of Hepliaklqana.
  7514 | D:8      | Reached skill level 11 in Long Blades
  7928 | D:8      | Reached XP level 10. HP: 74/86 MP: 9/9
  8299 | D:8      | Found a stormy altar of Qazlal.
  8299 | D:8      | Found an iron altar of Okawaru.
  8365 | D:8      | Noticed Prince Ribbit
  8370 | D:8      | Killed Prince Ribbit
  8610 | D:8      | Killed SoakedWettersCrisps's ghost
  8756 | D:9      | Found a broken altar of Ashenzari.
  8780 | D:9      | Reached *** piety under Zin
  8812 | D:9      | Noticed Erica
  8826 | D:9      | Killed Erica
  8827 | D:9      | Reached skill level 12 in Long Blades
  9016 | D:9      | Noticed Harold
  9018 | D:9      | Found a staircase to the Orcish Mines.
  9018 | D:9      | Paralysed by Harold for 5 turns
  9032 | D:9      | Reached skill level 5 in Dodging
  9035 | D:9      | Paralysed by Harold for 5 turns
  9045 | D:9      | Paralysed by Harold for 4 turns
  9053 | D:9      | Paralysed by Harold for 5 turns
  9066 | D:9      | Killed Harold
  9140 | D:9      | Noticed a two-headed ogre
  9155 | D:9      | Killed a two-headed ogre
  9156 | D:9      | Reached skill level 13 in Long Blades
  9334 | D:9      | Found an opulent altar of Gozag.
  9343 | D:9      | Reached XP level 11. HP: 88/95 MP: 10/10
  9412 | D:9      | Found an ornate altar of the Wu Jian Council.
  9505 | D:9      | Noticed Gastronok
  9525 | D:9      | Killed Gastronok
  9625 | Orc:1    | Entered Level 1 of the Orcish Mines
  9638 | Orc:1    | Noticed an orc high priest
  9640 | Orc:1    | HP: 4/97 [orc warrior/+1 glaive of venom (7)]
  9641 | Orc:1    | Zin protects you from harm!
  9641 | Orc:1    | Slain by an orc warrior

Illustrated notes

Levels and vault maps discovered:
D:1:      amcnicky_arrival_feature_with_door, layout_basic,
          shapermc_ecumenical_altar_acropolis
D:2:      layout_basic, kennysheep_cross_bottleneck, uniq_sigmund
D:3:      layout_loops_cross
D:4:      layout_loops_ring, kennysheep_boxes, uniq_eustachio, uniq_robin,
          uniq_edmund, uniq_pikel
D:5:      layout_loops_ring, mainiacjoe_overflow_cross_hatched, serial_undead,
          serial_undead_a, serial_undead_c, serial_undead_d, serial_undead_d
D:6:      layout_cave_pools, mainiacjoe_overflow_surrounded_room,
          zin_scriptorium, serial_column_ruins, column_ruins_hut,
          column_ruins_open_small, column_ruins_open_large, column_ruins_grid_1,
          column_ruins_columns_corner, column_ruins_columns_straight,
          column_ruins_grid_1, column_ruins_columns_straight
D:7:      layout_basic, minmay_temple_entry_large_hall, serial_shops, shop,
          kennysheep_little_box, nicolae_shop_peninsula, grunt_ministairs_4
D:8:      layout_loops_corners, mainiacjoe_overflow_tiny_flanked,
          jmf_multi_god_temple, biasface_ghost_orc_armoury, minmay_mini_ossuary,
          uniq_prince_ribbit1
D:9:      layout_rooms, amcnicky_altar_gilded, mainiacjoe_overflow_two_lobes,
          orc_0_dummy, minmay_misc_feat_x, uniq_gastronok, uniq_erica,
          uniq_harold
Orc:1:    layout_caves, basic_altar

Skill      XL: |  1  2  3  4  5  6  7  8  9 10 11 |
---------------+----------------------------------+-----
Armour         | 4 5 6 7 8 9 |  9.7
Shields        | 4 5 7 8 |  8.2
Fighting       | 4 5 6 7 8 9 |  9.3
Long Blades    | 3 4 5 7 9 11 13 | 13.6
Dodging        | 1 2 3 4 5 |  5.8
Stealth        | 2 3 |  3.2

Action                     |  1- 3 |  4- 6 |  7- 9 | 10-12 || total
---------------------------+-------+-------+-------+-------++-------
  Melee: Long sword        |   103 |    76 |    18 |       ||   197
         Headbutt          |    11 |    16 |    44 |    41 ||   112
         Falchion          |       |       |   245 |   134 ||   379
    Use: Potion            |     4 |     3 |     1 |     1 ||     9
         Scroll            |     3 |     3 |     7 |     2 ||    15
   Stab: Sleeping          |       |       |     1 |     1 ||     2
         Distracted        |       |       |     1 |       ||     1
 Armour: Scale mail        |    98 |    38 |   124 |       ||   260
         Ring mail         |       |       |    43 |    95 ||   138
  Dodge: Dodged            |    64 |    28 |   137 |    57 ||   286
  Block: Buckler           |    29 |    22 |    67 |    42 ||   160

Table legend: (Time is in decaauts)
 A = Elapsed time spent in this place.
 B = Non-inter-level travel time spent in this place.
 C = Inter-level travel time spent in this place.
 D = Time resting spent in this place.
 E = Time spent auto-exploring this place.
 F = Levels seen in this place.
 G = Mean time per level.
                   A        B        C        D        E       F      G
               +--------+--------+--------+--------+--------+-----+--------+
         Total |   9627 |   9499 |    128 |   1231 |    975 |  10 |  962.7 |
       Dungeon |   9614 |   9486 |    128 |   1231 |    975 |   9 | 1068.2 |
  Orcish Mines |     12 |     12 |      0 |      0 |      0 |   1 |   12.0 |
               +--------+--------+--------+--------+--------+-----+--------+

Top non-repeatable levels by time:
     D:2: 1424 daAuts
     D:8: 1339 daAuts
     D:4: 1196 daAuts
     D:5: 1072 daAuts
     D:7: 964 daAuts
     D:1: 957 daAuts
     D:3: 957 daAuts
     D:9: 913 daAuts
     D:6: 788 daAuts
   Orc:1: 12 daAuts
